 Dungeon Crawl Stone Soup version 0.29.1-1-gd02db6906a (webtiles) character file.

Game seed: 12663175357078350160

86 lonewolfV2 the Chopper (level 4, 0/35 HPs)
             Began as a Demonspawn Berserker on Oct 16, 2022.
             Was a Follower of Trog.
             Slain by Crazy Yiuf
             ... wielding a +3 quarterstaff of chaos
              (10 damage)
             ... on level 2 of the Dungeon.
             The game lasted 00:02:04 (3040 turns).

lonewolfV2 the Chopper (Demonspawn Berserker)       Turns: 3040, Time: 00:02:06

Health: 0/35       AC:  3    Str: 19    XL:     4   Next: 26%
Magic:  4/4        EV: 12    Int:  8    God:    Trog [*.....]
Gold:   110        SH:  0    Dex: 13    Spells: 3/3 levels left

rFire   . . .      SeeInvis .   a - +0 hand axe
rCold   . . .      Faith    .   (no shield)
rNeg    . . .      Spirit   .   b - +1 animal skin
rPois   .          Reflect  .   (no helmet)
rElec   .          Harm     .   (no cloak)
rCorr   .          Rampage  .   (no gloves)
Will    .....                   (no boots)
Stlth   +.........              (no amulet)
HPRegen 0.11/turn               (no ring)
MPRegen 0.09/turn               (no ring)

@: lethally poisoned (0 -> -7), on berserk cooldown, slowed, very slow
A: foul stench 1
a: Renounce Religion, Berserk


You were on level 2 of the Dungeon.
You worshipped Trog.
Trog was aware of your devotion.
You visited 1 branch of the dungeon, and saw 2 of its levels.

You collected 110 gold pieces.

Inventory:

Hand Weapons
 a - a +0 hand axe (weapon)
Armour
 b - a +1 animal skin (worn)
Wands
 i - a wand of charming (3)
Scrolls
 d - a scroll of fear
 g - 2 scrolls of identify
 h - 2 scrolls of enchant armour
 k - 3 scrolls of teleportation
 l - a scroll of magic mapping {unknown}
Potions
 c - a potion of flight
 e - a potion of heal wounds {unknown}
 f - a potion of curing {unknown}
 j - a potion of lignification {unknown}
 m - a potion of haste {unknown}


   Skills:
 + Level 3.4 Fighting
 + Level 3.6 Axes
 + Level 2.0 Armour
 + Level 2.6 Dodging
 + Level 0.6 Stealth


You had 3 spell levels left.
You didn't know any spells.
Your spell library was empty.

Dungeon Overview and Level Annotations

Branches:
Dungeon (2/15)

Altars:
Fedhas

Shops:
D:2 ?

Annotations:
D:2 Crazy Yiuf


Innate Abilities, Weirdness & Mutations

You may rarely emit foul miasma when damaged in melee.


Message History

The door flies open with a bang!
You feel a strong urge to attack something.
Crazy Yiuf barely misses you.
There is an open translucent door here.
You hit Crazy Yiuf.
Crazy Yiuf is moderately wounded.
Crazy Yiuf misses you.
You closely miss Crazy Yiuf.
Crazy Yiuf is moderately wounded.
You hit Crazy Yiuf but do no damage.
Crazy Yiuf is moderately wounded.
Crazy Yiuf completely misses you.
You barely miss Crazy Yiuf.
Crazy Yiuf is moderately wounded.
Crazy Yiuf yells, "Snower!"
Crazy Yiuf barely misses you.
You barely miss Crazy Yiuf.
Crazy Yiuf is moderately wounded.
Crazy Yiuf hits you with a +3 quarterstaff of chaos.
You are poisoned.
You hit Crazy Yiuf.
Crazy Yiuf is heavily wounded.
You feel very sick.
You barely miss Crazy Yiuf.
Crazy Yiuf is heavily wounded.
You feel sick.
Crazy Yiuf hits you with a +3 quarterstaff of chaos!
Crazy Yiuf burns you.
You hit Crazy Yiuf.
Crazy Yiuf is severely wounded.
You feel sick.
Crazy Yiuf hits you with a +3 quarterstaff of chaos!
You hit Crazy Yiuf.
Crazy Yiuf is almost dead.
You are no longer berserk.
You are exhausted.
You feel yourself slow down.
You feel sick.
Crazy Yiuf whimpers, "Gum arm high!"
Crazy Yiuf hits you with a +3 quarterstaff of chaos!
You die...

### ..# #.#
#.# #.#
##### #.#
#)..# #.#
#...# #.#
#.g.# #.#
#@# #.# ###
♣.♣♣
#.########.#
♣♣.♣
...........#
♣.♣♣
.).÷.......#
♣♣.♣
..)........#
♣♣.♣♣
...........#
♣♣...♣
#..........#
♣....♣
#..........#
#..).#


You could see Crazy Yiuf.

Vanquished Creatures
  Terence (D:2)
  Jessica (D:2)
  2 worms (D:2)
  2 dart slugs (D:2)
  An endoplasm (D:1)
  4 hobgoblins
  3 kobolds
  2 quokkas (D:2)
  2 ball pythons (D:1)
  2 bats
  2 frilled lizards
  2 goblins (D:1)
  A rat (D:2)
25 creatures vanquished.

Notes
Turn   | Place    | Note
-------+----------+-------------------------------------------
     0 | D:1      | lonewolfV2 the Demonspawn Berserker began the quest for the
                  | Orb.
     0 | D:1      | Reached XP level 1. HP: 18/18 MP: 1/1
   609 | D:1      | Found a faded altar of an unknown god.
   756 | D:1      | Gained mutation: You may rarely emit foul miasma when
                  | damaged in melee. [demonic ancestry]
   756 | D:1      | Reached XP level 2. HP: 24/24 MP: 2/2
  1590 | D:2      | Found a blossoming altar of Fedhas.
  1628 | D:2      | Noticed Jessica
  1642 | D:2      | Killed Jessica
  1643 | D:2      | Reached XP level 3. HP: 11/29 MP: 3/3
  1882 | D:2      | Found Zuhahumn's Magic Scroll Shop.
  1903 | D:2      | Found a runed translucent door.
  1904 | D:2      | Noticed Crazy Yiuf
  1972 | D:2      | Noticed Terence
  1984 | D:2      | Killed Terence
  1985 | D:2      | Reached XP level 4. HP: 10/35 MP: 4/4
  3040 | D:2      | Slain by Crazy Yiuf

Illustrated notes

Levels and vault maps discovered:
D:1:      scummos_arrival_simple_crosswalls, layout_loops_corners,
          basic_ecumenical_altar
D:2:      layout_basic, basic_altar, serial_shops, nicolae_shop_crystal,
          uniq_terence, uniq_jessica, uniq_crazy_yiuf_cottage

Skill      XL: |  1  2  3 |
---------------+----------+-----
Axes           | 3 |  3.6
Dodging        | 2 |  2.6
Armour         | 2 |  2.0
Fighting       | |  3.4
Stealth        | |  0.6

Action                   |  1- 3 |  4- 6 || total
-------------------------+-------+-------++-------
Melee: Hand axe          |    67 |    36 ||   103
Invok: Berserk           |     1 |     1 ||     2
  Use: Scroll            |     5 |       ||     5
 Stab: Sleeping          |     1 |       ||     1
Armor: Animal skin       |    18 |     4 ||    22
Dodge: Dodged            |    50 |    11 ||    61
